 Dungeon Crawl Stone Soup version 0.31-a0-960-g0fca184906 (webtiles) character file.

Game seed: 15278553683220868104

2352 Arcadio the Fighter (level 9, -7/82 HPs)
             Began as a Ghoul Monk on Oct 23, 2023.
             Was a High Priest of Okawaru.
             Killed from afar by an electric eel (13 damage)
             ... with a bolt of electricity
             ... on level 7 of the Dungeon.
             The game lasted 00:18:15 (8817 turns).

Arcadio the Fighter (Ghoul Monk)                    Turns: 8817, Time: 00:18:15

Health: -7/82      AC: 12    Str: 19    XL:     9   Next: 43%
Magic:  8/8        EV:  9    Int:  5    God:    Okawaru [*****.]
Gold:   238        SH:  0    Dex: 11    Spells: 8/8 levels left

rFire   . . .        j - +1 morningstar (protect)
rCold   + + .        (no shield)
rNeg    + + +        D - +0 chain mail
rPois   ∞            (no helmet)
rElec   .            B - +0 cloak
rCorr   .            y - +0 pair of gloves
SInv    +            (no boots)
Will    .....        (no amulet) Stlth
                     u - ring of protection from cold
HPRegen 0.00/turn    w - ring of see invisible
MPRegen 0.11/turn

%: no passive effects
@: inhibited regen
A: claws 1, cold resistance 1, negative energy resistance 3, inhibited
regeneration, torment resistance 2, devour on kill
a: Renounce Religion, Heroism, Finesse, Duel


You were on level 7 of the Dungeon.
You worshipped Okawaru.
Okawaru was extremely pleased with you.
You visited 2 branches of the dungeon, and saw 8 of its levels.

You collected 298 gold pieces.
You spent 60 gold pieces at shops.

Inventory:

Hand Weapons
 j - a +1 morningstar of protection (weapon)
Missiles
 m - 2 throwing nets
Armour
 a - a +0 robe
 c - an orb of light
 k - a +0 scale mail
 l - a +0 ring mail
 y - a +0 pair of gloves (worn)
 B - a +0 cloak (worn)
 D - a +0 chain mail (worn)
Jewellery
 u - a ring of protection from cold (left hand)
 w - a ring of see invisible (right hand)
 A - a ring of fire
Scrolls
 h - a scroll of fog
 i - 2 scrolls of teleportation {unknown}
 n - 4 scrolls of amnesia
 s - a scroll of vulnerability {unknown}
 x - a scroll of fear {unknown}
 C - a scroll of revelation {unknown}
Potions
 b - 2 potions of ambrosia
 d - a potion of haste
 e - a potion of magic
 f - a potion of brilliance {unknown}
 g - a potion of attraction {unknown}
 o - 4 potions of curing
 p - a potion of cancellation {unknown}
 q - a potion of enlightenment {unknown}
 r - a potion of mutation {unknown}
 t - a potion of lignification {unknown}
 v - 2 potions of heal wounds
 z - 2 potions of might {unknown}


   Skills:
 + Level 8.5 Fighting
 + Level 6.0 Maces & Flails
 + Level 6.0 Armour
 - Level 3.1 Dodging
 - Level 3.8 Unarmed Combat
 + Level 1.2 Invocations


You had 8 spell levels left.
You didn't know any spells.
Your spell library contained the following spells:

 Spells                   Type           Power      Damage    Failure   Level
 Shock                    Conj/Air       0%         1d3       98%         1
 Cigotuvi's Dreadful Rot  Necr/Pois/Air  0%         N/A       99%         2
 Ensorcelled Hibernation  Hex/Ice        0%         N/A       99%         2
 Jinxbite                 Hex            0%         N/A       99%         2
 Lesser Beckoning         Tloc           0%         N/A       99%         2
 Gell's Gravitas          Tloc           0%         N/A       100%        3
 Ignite Poison            Fire/Tmut/Pois 0%         N/A       100%        3
 Swiftness                Air            0%         N/A       100%        3
 Teleport Other           Tloc           0%         N/A       100%        3
 Airstrike                Air            0%         2d(0-16)  100%        4
 Anguish                  Hex/Necr       0%         N/A       100%        4
 Freezing Cloud           Conj/Ice/Air   0%         6-21      100%        5


Dungeon Overview and Level Annotations

Branches:
Dungeon (7/15) Zot: 24559  Temple (1/1) D:7 Zot: 5993

Altars:
Ashenzari
Cheibriados
Dithmenos
Fedhas
Gozag
Hepliaklqana
Kikubaaqudgha
Makhleb
Okawaru
Qazlal
Ru
Sif Muna
Trog
Uskayaw
Vehumet
Xom
Yredelemnul

Shops:
D:3 (   D:7 !


Innate Abilities, Weirdness & Mutations

You are immune to poison.
You have sharp fingernails.
Your flesh is cold resistant. (rC+)
You are immune to negative energy. (rN+++)
You do not regenerate when monsters are visible.
You are immune to unholy pain and torment.
You thrive by killing the living.


Message History

The bolt of electricity hits you!
The electric eel shoots out a bolt of lightning at you!
The bolt of electricity hits you!
You start resting.
HP restored.
The electric eel shoots out a bolt of lightning at you!
The bolt of electricity hits the plant!
The plant begins to die.
The bolt of electricity hits you.
The electric eel shoots out a bolt of lightning at you!
The bolt of electricity hits the plant!
The bolt of electricity hits you!
The electric eel shoots out a bolt of lightning at you!
The bolt of electricity hits the plant!
The bolt of electricity hits you!
The electric eel shoots out a bolt of lightning at you!
The bolt of electricity hits you.
A nearby plant withers and dies.
The electric eel shoots out a bolt of lightning at you!
The bolt of electricity hits you but does no damage.
The electric eel shoots out a bolt of lightning at you!
The bolt of electricity hits the plant!
The plant begins to die.
The bolt of electricity hits you.
The electric eel shoots out a bolt of lightning at you!
The bolt of electricity hits the plant!
The plant begins to die.
The bolt of electricity hits you!
The electric eel shoots out a bolt of lightning at you!
The bolt of electricity hits the plant!
The bolt of electricity hits you.
The electric eel shoots out a bolt of lightning at you!
The bolt of electricity hits the plant!
The plant begins to die.
The bolt of electricity misses you.
The electric eel shoots out a bolt of lightning at you!
The bolt of electricity hits the plant!
The bolt of electricity hits you!
The electric eel shoots out a bolt of lightning at you!
The bolt of electricity hits you!
* * * LOW HITPOINT WARNING * * *
A nearby plant withers and dies.
The electric eel shoots out a bolt of lightning at you!
The bolt of electricity hits the plant!
The bolt of electricity hits you!
* * * LOW HITPOINT WARNING * * *
The electric eel shoots out a bolt of lightning at you!
The bolt of electricity hits you!
You die...

#.~~~≈≈~~~~...##.# #...
#...P~≈≈≈≈~........ ####
##....~~≈SP~~~~....# #
#...P.~≈≈~~~..~.... #.
#.#...~~≈≈≈≈≈P≈P...~....
#....~.~~~S≈≈≈≈≈~.~~PP~~
###....P.P~~≈≈≈≈≈≈~~~~.~
#.....~~.~≈S≈≈≈≈≈~~~≈≈
#####@..~~..≈~~≈≈≈~~~~
##...~.~...P~~~P~~
##.......P~~~....
#............#..
##...........#..
##...........###
#............#
#............###
#....#####......


You could see 3 electric eels.

Vanquished Creatures
  Joseph (D:7)
  A water moccasin (D:5)
  2 sky beasts
  A black bear (D:4)
  An ogre (D:5)
  An ice beast (D:6)
  A phantom (D:6)
  A kobold brigand (D:7)
  2 bullfrogs (D:7)
  A scorpion (D:6)
  6 wights
  An electric eel (D:7)
  A howler monkey (D:5)
  A jelly (D:4)
  2 orc priests
  2 hounds (D:5)
  3 iguanas
  2 sleepcaps (D:6)
  10 orc wizards
  4 gnolls
  5 adders
  A shadow imp (D:7)
  2 white imps
  2 dart slugs (D:3)
  35 orcs
  4 ball pythons
  4 endoplasms
  3 giant cockroaches
  6 goblins
  3 hobgoblins
  4 jackals
  4 quokkas
  2 bats
  A frilled lizard (D:1)
  6 kobolds
  4 rats
130 creatures vanquished.

Notes
Turn   | Place    | Note
-------+----------+-------------------------------------------
     0 | D:1      | Arcadio the Ghoul Monk began the quest for the Orb.
     0 | D:1      | Reached XP level 1. HP: 19/19 MP: 0/0
   200 | D:1      | Reached XP level 2. HP: 25/26 MP: 1/1
   236 | D:1      | Found a faded altar of an unknown god.
   238 | D:1      | Prayed at the altar of an unknown god.
   238 | D:1      | Became a worshipper of Warmaster Okawaru
   238 | D:1      | Reached * piety under Okawaru
   238 | D:1      | Reached ** piety under Okawaru
   673 | D:2      | Reached XP level 3. HP: 33/33 MP: 2/2
  1501 | D:2      | Reached skill level 4 in Fighting
  1882 | D:3      | Reached skill level 1 in Maces & Flails
  1882 | D:3      | Reached XP level 4. HP: 15/40 MP: 3/3
  1884 | D:3      | Reached skill level 1 in Armour
  2302 | D:3      | Found Rufrepn's Antique Weapon Shoppe.
  2340 | D:3      | Reached *** piety under Okawaru
  2922 | D:4      | Reached XP level 5. HP: 47/47 MP: 4/4
  3494 | D:3      | Reached skill level 5 in Fighting
  3494 | D:3      | Reached XP level 6. HP: 48/56 MP: 5/5
  3720 | D:4      | Noticed a black bear
  3728 | D:4      | Killed a black bear
  4050 | D:5      | Entered Level 5 of the Dungeon
  4164 | D:5      | Reached XP level 7. HP: 62/62 MP: 6/6
  4957 | D:6      | Reached skill level 6 in Fighting
  4974 | D:6      | Reached **** piety under Okawaru
  5325 | D:5      | Reached XP level 8. HP: 46/71 MP: 7/7
  5875 | D:6      | Reached skill level 7 in Fighting
  6503 | D:7      | Reached skill level 5 in Maces & Flails
  6503 | D:7      | Reached skill level 5 in Armour
  6609 | D:7      | Reached ***** piety under Okawaru
  6987 | D:7      | Found Xigunn's Distillery.
  6993 | D:7      | Bought a potion of heal wounds for 50 gold pieces
  6993 | D:7      | Bought a potion of degeneration for 10 gold pieces
  7127 | D:7      | Reached XP level 9. HP: 61/81 MP: 8/8
  7260 | D:7      | Noticed Joseph
  7274 | D:7      | Reached skill level 8 in Fighting
  7298 | D:7      | Killed Joseph
  7298 | D:7      | Received a gift from Okawaru
  7492 | D:7      | Found a staircase to the Ecumenical Temple.
  7505 | Temple   | Entered the Ecumenical Temple
  8285 | D:6      | Reached skill level 1 in Invocations
  8817 | D:7      | Killed from afar by an electric eel

Illustrated notes

Levels and vault maps discovered:
D:1:      dpeg_arrival_water_temple_mockup, layout_loops_ring,
          chequers_ecumenical_altar_twisty
D:2:      layout_basic
D:3:      layout_loops_corners, serial_shops, shop,
          chequers_serial_rivers_micro_b
D:4:      layout_basic
D:5:      layout_basic, nicolae_elevator_lobby_plus
D:6:      layout_basic
D:7:      layout_basic, temple_statues, serial_shops, nicolae_shop_stone,
          chequers_garden, chequers_big_river,
          minmay_a_box_with_orc_wizards_in_it, uniq_joseph
Temple:   mainiacjoe_temple_big_plus

Skill      XL: |  1  2  3  4  5  6  7  8  9 |
---------------+----------------------------+-----
Dodging        | 3 |  3.1
Fighting       | 4 5 6 7 8 |  8.5
Maces & Flails | 1 2 3 4 5 6 |  6.0
Armour         | 1 2 3 4 5 6 |  6.0
Invocations    | 1 |  1.2
Unarmed Combat | |  3.8

Action                     |  1- 3 |  4- 6 |  7- 9 || total
---------------------------+-------+-------+-------++-------
  Melee: Unarmed           |    43 |       |       ||    43
         Morningstar       |    59 |   126 |   308 ||   493
         Punch             |     1 |     1 |     5 ||     7
    Use: Scroll            |     1 |     1 |     4 ||     6
         Potion            |       |       |     1 ||     1
 Armour: Robe              |    61 |     2 |       ||    63
         Scale mail        |       |    88 |   111 ||   199
         Ring mail         |       |     3 |       ||     3
         Skin              |       |     2 |       ||     2
         Chain mail        |       |       |   252 ||   252
  Dodge: Dodged            |    81 |    87 |   168 ||   336

Table legend: (Time is in decaauts)
 A = Elapsed time spent in this place.
 B = Non-inter-level travel time spent in this place.
 C = Inter-level travel time spent in this place.
 D = Time resting spent in this place.
 E = Time spent auto-exploring this place.
 F = Levels seen in this place.
 G = Mean time per level.
                   A        B        C        D        E       F      G
               +--------+--------+--------+--------+--------+-----+--------+
         Total |   8990 |   8822 |    168 |   1915 |   5089 |   8 | 1123.8 |
       Dungeon |   8983 |   8815 |    168 |   1915 |   5089 |   7 | 1283.3 |
        Temple |      6 |      6 |      0 |      0 |      0 |   1 |    6.0 |
               +--------+--------+--------+--------+--------+-----+--------+

Top non-repeatable levels by time:
     D:7: 1710 daAuts
     D:6: 1678 daAuts
     D:5: 1467 daAuts
     D:3: 1241 daAuts
     D:2: 1173 daAuts
     D:4: 1046 daAuts
     D:1: 664 daAuts
  Temple: 6 daAuts
